 Dungeon Crawl Stone Soup version 0.25.1-2-g60ff931df9 (webtiles) character file.

Game seed: 7659366161314510033

107 Cinatic the Magician (level 4, -1/24 HPs)
             Began as a Deep Elf Wizard on Oct 16, 2020.
             Slain by a jelly (3 damage)
             ... on level 4 of the Dungeon.
             The game lasted 00:50:39 (3543 turns).

Cinatic the Magician (Deep Elf Wizard)              Turns: 3543, Time: 00:50:51

Health: -1/24      AC: -2    Str:  4    XL:     4   Next: 57%
Magic:  8/13       EV: 13    Int: 24    God:
Gold:   174        SH:  0    Dex: 13    Spells: 3/13 levels left

rFire    . . .     SeeInvis .   e - +1 club
rCold    . . .     Gourm    .   (no shield)
rNeg     . . .     Faith    .   a - +0 robe
rPois    .         Spirit   .   b - +0 hat
rElec    .         Reflect  .   (no cloak)
rCorr    .         Harm     .   (no gloves)
MR       .....                  (no boots)
Stlth    ++........             (no amulet)
HPRegen  0.08/turn              (no ring)
MPRegen  0.13/turn              (no ring)

@: corroded
A: no striking features
a: no special abilities


You were on level 4 of the Dungeon.
You were not hungry.

You visited 1 branch of the dungeon, and saw 4 of its levels.

You collected 174 gold pieces.

Inventory:

Hand Weapons
 e - a +1 club (weapon)
 l - a +0 hand axe
Armour
 a - a +0 robe (worn)
 b - a +0 hat (worn)
 k - a +0 plate armour
Scrolls
 f - 5 scrolls of remove curse
 h - 3 scrolls of teleportation
 n - a scroll of identify
Potions
 c - a potion of brilliance {unknown}
 i - a potion of stabbing
 j - a potion of flight {unknown}
 m - a potion of might {unknown}
 q - a potion of resistance {unknown}
Comestibles
 d - 3 rations


   Skills:
 + Level 2.5 Dodging
 * Level 3.3 Stealth
 + Level 5.4 Spellcasting
 + Level 1.7 Conjurations
 * Level 1.8 Hexes
 * Level 2.7 Summonings
 + Level 1.2 Translocations


You had 3 spell levels left.
You knew the following spells:

 Your Spells              Type           Power        Failure   Level  Hunger
a - Magic Dart            Conj           ##..         4%          1    None
b - Blink                 Tloc           N/A          8%          2    None
c - Call Imp              Summ           ###.....     4%          2    None
d - Slow                  Hex            ###.....     6%          2    None
e - Conjure Flame         Conj/Fire      ##......     19%         3    #......

Your spell library contained the following spells:

 Spells                   Type           Power        Failure   Level  Hunger
 Mephitic Cloud           Conj/Pois/Air  #.......     21%         3    #......


Dungeon Overview and Level Annotations

Branches:
Dungeon (3/15)

Altars:


Message History

Confirm with . or Enter, or press ? or * to list all spells.
A beastly little devil appears in a puff of flame.
The jelly misses you.
Your crimson imp blinks!
A frilled lizard comes into view.
The frilled lizard hisses angrily.
The jelly misses you.
An orc comes into view.
The frilled lizard bites you. The jelly hits you.
You are splashed with acid.
* * * LOW HITPOINT WARNING * * *
Your crimson imp hits the jelly.
Your crimson imp is burned by acid!
Casting: Call Imp (safe; 4% risk of failure)
Confirm with . or Enter, or press ? or * to list all spells.
A beastly little devil appears in a puff of frigid air.
Your crimson imp hits the jelly.
Your crimson imp is burned by acid!
The frilled lizard closely misses you. The jelly hits you.
You die...

#
##.############
>.............
#..#...........
#........o.o...
#.##.######.
#.#l5.......
#.@J5....##.
###.5###.#
#........# #
#.#####.## ...
.... .....
....... .###..


You could see a jelly, an orc, a frilled lizard, 2 friendly crimson imps and a
friendly white imp (summoned).

Vanquished Creatures
  An adder (D:3)
  A worm (D:3)
  A dart slug (D:1)
  2 leopard geckos
  10 bats
  3 goblins (D:1)
  5 hobgoblins
  4 jackals (D:2)
  2 frilled lizards
  7 kobolds
  4 rats
40 creatures vanquished.

Vanquished Creatures (collateral kills)
  5 adders
  2 worms (D:3)
  A dart slug (D:3)
  A leopard gecko (D:3)
  4 orcs (D:3)
  A ball python (D:2)
  2 bats (D:2)
  2 giant cockroaches
  2 jackals (D:2)
  2 kobolds (D:3)
  A ball python skeleton (D:2)
  3 goblins
  A rat (D:1)
27 creatures vanquished.

Grand Total: 67 creatures vanquished

Notes
Turn   | Place    | Note
-------+----------+-------------------------------------------
     0 | D:1      | Cinatic the Deep Elf Wizard began the quest for the Orb.
     0 | D:1      | Reached XP level 1. HP: 10/10 MP: 7/7
   278 | D:1      | Reached skill level 5 in Spellcasting
   363 | D:1      | Reached XP level 2. HP: 15/15 MP: 8/10
   379 | D:1      | Learned a level 2 spell: Blink
   416 | D:1      | Learned a level 2 spell: Call Imp
   419 | D:1      | Learned a level 2 spell: Slow
  1105 | D:1      | Reached XP level 3. HP: 19/19 MP: 9/11
  1564 | D:2      | Reached skill level 1 in Hexes
  1785 | D:2      | Learned a level 3 spell: Conjure Flame
  2422 | D:3      | Noticed a small abomination
  2445 | D:3      | Found a glowing drain.
  2651 | D:3      | Reached XP level 4. HP: 17/24 MP: 8/13
  3534 | D:3      | You fall into a shaft and drop 1 floor!
  3543 | D:4      | Slain by a jelly

Illustrated notes

Levels and vault maps discovered:
D:1:      dpeg_arrival_fog, layout_rooms, chequers_serial_rivers_small_b,
          minmay_tromino_mix6
D:2:      layout_loops_corners
D:3:      layout_loops_ring, cheibrodos_sewer_entry_sluice,
          gammafunk_ghost_abyssal_escape, first_ration, grunt_decor_cap
D:4:      layout_basic, serial_shops, nicolae_shop_window_shopping

Skill      XL: |  1  2  3 |
---------------+----------+-----
Spellcasting   | 5 |  5.4
Hexes          | 1 |  1.8
Stealth        | 3 |  3.3
Summonings     | 2 |  2.7
Dodging        | |  2.5
Conjurations   | |  1.7
Translocations | |  1.2

Action                   |  1- 3 |  4- 6 || total
-------------------------+-------+-------++-------
Melee: Club              |     9 |     1 ||    10
 Cast: Magic Dart        |   101 |    11 ||   112
       Blink             |     7 |       ||     7
       Call Imp          |    21 |    24 ||    45
       Slow              |     2 |       ||     2
       Conjure Flame     |     1 |       ||     1
  Use: Scroll            |     3 |     5 ||     8
 Stab: Sleeping          |       |     1 ||     1
  Eat: Chunk             |     3 |     1 ||     4
       Ration            |     1 |       ||     1
Armor: Robe              |     8 |       ||     8
Dodge: Dodged            |    48 |     8 ||    56
